 Dungeon Crawl Stone Soup version 0.29-a0-512-gf59ac788ac (webtiles) character file.

Game seed: 7546704377031857276

436 xian the Insei (level 7, 0/39 HPs)
             Began as a Tengu Transmuter on May 29, 2022.
             Slain by a scorpion (7 damage)
             ... on level 5 of the Dungeon.
             The game lasted 00:14:25 (4566 turns).

xian the Insei (Tengu Transmuter)                   Turns: 4566, Time: 00:14:28

Health: 0/39       AC:  2    Str:  9 (12) XL:     7   Next: 1%
Magic:  13/13      EV: 15    Int: 10 (13) God:
Gold:   285        SH:  0    Dex: 12 (15) Spells: 7/12 levels left

rFire   . . .      SeeInvis .   j - +8 club
rCold   + + .      Faith    .   (no shield)
rNeg    . . .      Spirit   .   a - +0 robe
rPois   +          Reflect  .   (helmet restricted)
rElec   +          Harm     .   (no cloak)
rCorr   +          Rampage  .   (no gloves)
Will    +....      Clarity  +   (boots unavailable)
Stlth   +.........              n - amulet of the acrobat
HPRegen 0.13/turn               s - ring of willpower
MPRegen 0.13/turn               v - ring of ice

@: confused, mighty, lethally poisoned (0 -> -8), resistant, ambrosia-drunk,
wereblooded, flying quickly and evasively, quick
A: beak, talons 3, nimble flight, large bone plates 1, clarity, sturdy frame 1
a: no special abilities


You were on level 5 of the Dungeon.
You visited 1 branch of the dungeon, and saw 5 of its levels.

You collected 285 gold pieces.

Inventory:

Hand Weapons
 h - a +2 dagger of electrocution
 j - a +8 club (weapon)
Missiles
 d - 4 poisoned darts
Armour
 a - a +0 robe (worn)
 r - an orb of guile
Jewellery
 n - an amulet of the acrobat (around neck)
 p - an amulet of guardian spirit
 s - a ring of willpower (left hand)
 u - a ring of positive energy
 v - a ring of ice (right hand)
Wands
 q - a wand of flame (3)
Scrolls
 c - 3 scrolls of teleportation {unknown}
 f - 5 scrolls of enchant weapon {unknown}
 g - 2 scrolls of identify {unknown}
 l - a scroll of noise {unknown}
 t - a scroll of blinking {unknown}
 w - a scroll of poison {unknown}
 y - a scroll of enchant armour {unknown}
 C - a scroll of amnesia {unknown}
Potions
 b - a potion of lignification
 e - a potion of heal wounds {unknown}
 i - a potion of degeneration
 k - a potion of resistance
 m - a potion of mutation
 o - a potion of berserk rage {unknown}
 z - a potion of curing {unknown}
 A - a potion of flight {unknown}
 B - 3 potions of ambrosia
 D - a potion of haste {unknown}


   Skills:
 + Level 1.8 Fighting
 + Level 3.2 Maces & Flails
 + Level 3.3 Dodging
 + Level 1.5 Stealth
 + Level 4.4 Unarmed Combat
 + Level 3.4 Spellcasting
 + Level 0.6 Conjurations
 + Level 2.7 Transmutations


You had 7 spell levels left.
You knew the following spells:

 Your Spells              Type           Power      Damage    Failure   Level
a - Beastly Appendage     Tmut           14%        N/A       9%          1
b - Wereblood             Tmut           7%         N/A       13%         2
c - Slow                  Hex            4%         N/A       26%         1
d - Magic Dart            Conj           12%        1d3       21%         1

Your spell library contained the following spells:

 Spells                   Type           Power      Damage    Failure   Level
 Searing Ray              Conj           6%         2d4       30%         2
 Spider Form              Tmut/Pois      4%         N/A       43%         3
 Confusing Touch          Hex            1%         N/A       63%         3
 Vampiric Draining        Necr           1%         2d6       63%         3
 Ice Form                 Ice/Tmut       6%         N/A       83%         4
 Fulminant Prism          Conj/Hex       1%         3d6       93%         4


Dungeon Overview and Level Annotations

Branches:
Dungeon (5/15)
 Temple: D:4-7

Altars:

Annotations:
D:5 Prince Ribbit


Innate Abilities, Weirdness & Mutations

You have a beak for a mouth.
You have claws for feet.
Your magical nature lets you fly swiftly and evasively.
You are partially covered in large bone plates. (SH +4)
You possess an exceptional clarity of mind.
Your movements are slightly less encumbered by armour. (ER -2)


Message History

You are lethally poisoned!
The scorpion poisons you!
Casting: Wereblood (safe; 11% risk of failure)
Confirm with . or Enter, or press ? or * to list all spells.
Okay, then.
It was a potion of ambrosia.
You are confused.
You feel invigorated.
You feel very sick. Prince Ribbit hits you. The scorpion barely misses you.
Your magical contamination has completely faded away.
It was a potion of mutation.
You feel extremely strange.
Large bone plates grow over parts of your arms.
Your thoughts seem clearer.
You feel less encumbered by your armour.
You feel very sick. Prince Ribbit misses you. The scorpion stings you.
* * * LOW HITPOINT WARNING * * *
Prince Ribbit hits you.
* * * LOW HITPOINT WARNING * * *
It was a potion of degeneration.
There was something very wrong with that liquid.
You feel weakened.
You feel dopey.
You feel clumsy.
* * * LOW HITPOINT WARNING * * *
You feel very sick. The scorpion misses you. Prince Ribbit hits you.
* * * LOW HITPOINT WARNING * * *
It was a potion of resistance.
You feel protected.
* * * LOW HITPOINT WARNING * * *
You feel very sick. Prince Ribbit closely misses you.
The scorpion stings you but does no damage.
It was a potion of might.
You feel very mighty all of a sudden.
* * * LOW HITPOINT WARNING * * *
You feel sick. Prince Ribbit hits you.
* * * LOW HITPOINT WARNING * * *
The scorpion stings you!
You die...

.............##...............)##
..........[.. ...............))'
............. ####.........<)##
.....######### ....###########
.............########+#. ######
.............##......... +.....
###..........##......... ####.<
#..........##..F...... #..
#.............@s....# .....
...........†.........# ......
.......#####............ ........
.......# #...##....... ........
.......# #...# ....... ........
#..... ....... ........
............... ...............


You could see Prince Ribbit and a scorpion.

Vanquished Creatures
  4 hounds (D:5)
  An orc priest (D:5)
  Jessica (D:2)
  Natasha (thrice) (D:2)
  8 gnolls
  5 adders
  2 dart slugs
  7 orcs (D:5)
  2 ball pythons
  6 endoplasms
  A giant cockroach (D:2)
  6 hobgoblins
  5 kobolds
  4 quokkas
  4 bats
  A frilled lizard (D:3)
  5 goblins
  A rat (D:2)
66 creatures vanquished.

Notes
Turn   | Place    | Note
-------+----------+-------------------------------------------
     0 | D:1      | xian the Tengu Transmuter began the quest for the Orb.
     0 | D:1      | Reached XP level 1. HP: 12/12 MP: 4/4
   253 | D:1      | Reached XP level 2. HP: 12/16 MP: 6/6
   676 | D:2      | Noticed Jessica
   683 | D:2      | Learned a level 2 spell: Wereblood
   684 | D:2      | Killed Jessica
   685 | D:2      | Reached skill level 4 in Unarmed Combat
   685 | D:2      | Reached XP level 3. HP: 20/20 MP: 3/7
   798 | D:2      | Noticed Natasha
   802 | D:2      | Killed Natasha
   803 | D:2      | Reached XP level 4. HP: 25/25 MP: 4/8
   815 | D:2      | Noticed Natasha
   822 | D:2      | Killed Natasha
   823 | D:2      | Reached skill level 1 in Stealth
   888 | D:2      | Gained mutation: Your magical nature lets you fly swiftly
                  | and evasively. [Tengu growth]
   888 | D:2      | Reached XP level 5. HP: 9/29 MP: 6/10
  1449 | D:2      | Found a faded altar of an unknown god.
  1449 | D:2      | Noticed Natasha
  1454 | D:2      | Killed Natasha
  1927 | D:3      | Reached skill level 1 in Maces & Flails
  2737 | D:4      | Learned a level 1 spell: Slow
  2739 | D:4      | Learned a level 1 spell: Magic Dart
  2779 | D:4      | Reached XP level 6. HP: 35/35 MP: 7/11
  3875 | D:5      | Entered Level 5 of the Dungeon
  4551 | D:5      | Reached XP level 7. HP: 39/39 MP: 9/13
  4551 | D:5      | Noticed Prince Ribbit
  4563 | D:5      | Gained mutation: You are partially covered in large bone
                  | plates. (SH +4) [potion of mutation]
  4563 | D:5      | Gained mutation: You possess an exceptional clarity of
                  | mind. [potion of mutation]
  4563 | D:5      | Gained mutation: Your movements are slightly less
                  | encumbered by armour. (ER -2) [potion of mutation]
  4566 | D:5      | Slain by a scorpion

Illustrated notes

Levels and vault maps discovered:
D:1:      mrwooster_arrival_statue_3, layout_loops_ring, st_stairs_7
D:2:      layout_basic, shapermc_ecumenical_altar_pompeii, uniq_natasha,
          uniq_jessica
D:3:      layout_loops_cross, minmay_misc_feat_doors
D:4:      layout_loops_ring, hangedman_decor_growths, lemuel_old_faithful
D:5:      layout_basic, hangedman_ru_absence, marbit_many_paths,
          uniq_prince_ribbit1, uniq_ijyb

Skill      XL: |  1  2  3  4  5  6 |
---------------+-------------------+-----
Unarmed Combat | 4 |  4.4
Dodging        | 3 |  3.3
Stealth        | 1 |  1.5
Transmutations | 2 |  2.7
Maces & Flails | 1 3 |  3.2
Spellcasting   | 3 |  3.4
Fighting       | |  1.8
Conjurations   | |  0.6

Action                   |  1- 3 |  4- 6 |  7- 9 || total
-------------------------+-------+-------+-------++-------
Melee: Unarmed           |    19 |       |       ||    19
       Kick              |    10 |    17 |     1 ||    28
       Headbutt          |     4 |     7 |       ||    11
       Peck              |     3 |     9 |     2 ||    14
       Dagger            |     1 |       |       ||     1
       Club              |     9 |    99 |     4 ||   112
       Punch             |       |     2 |       ||     2
Throw: Dart              |       |     1 |       ||     1
 Cast: Beastly Appendage |     9 |    20 |       ||    29
       Wereblood         |     3 |    13 |     1 ||    17
       Magic Dart        |       |    25 |       ||    25
       Slow              |       |     4 |       ||     4
Evoke: Wand              |       |     2 |       ||     2
  Use: Potion            |       |     1 |     5 ||     6
 Stab: Sleeping          |     2 |       |       ||     2
Armor: Robe              |     7 |     9 |     2 ||    18
       Skin              |       |    10 |       ||    10
Dodge: Dodged            |    16 |    88 |     8 ||   112

Table legend: (Time is in decaauts)
 A = Elapsed time spent in this place.
 B = Non-inter-level travel time spent in this place.
 C = Inter-level travel time spent in this place.
 D = Time resting spent in this place.
 E = Time spent auto-exploring this place.
 F = Levels seen in this place.
 G = Mean time per level.
                   A        B        C        D        E       F      G
               +--------+--------+--------+--------+--------+-----+--------+
         Total |   4394 |   4336 |     58 |     85 |   3446 |   5 |  878.8 |
       Dungeon |   4394 |   4336 |     58 |     85 |   3446 |   5 |  878.8 |
               +--------+--------+--------+--------+--------+-----+--------+

Top non-repeatable levels by time:
     D:4: 1080 daAuts
     D:2: 1048 daAuts
     D:3: 918 daAuts
     D:5: 675 daAuts
     D:1: 671 daAuts
